AoeStats
← l3141516

Oasis

509756441Analyzed
4v4 RM · 5d ago on Sep 27, 2026· 40m 26s· 8 players
Game mode
Random Map
Map size
Large (8 player)
Population
200
Speed
Normal
Resources
Standard
Victory
Conquest
Starting age
Dark Age
Ending age
Imperial Age
RankedLock teamsTeams togetherTeam positionsShared explorationLock speedFull tech treeHidden civsTurbo modeCheats
Victory
Defeat
🇺🇸 Spanish · United States
845
+16
🇹🇷 Bulgarians · Türkiye
836
+17
🇺🇸 Khitans · United States
800
+18
🇵🇪 Khmer · Peru
786
+19
🇧🇷 Bohemians · Brazil
906
-41
🇧🇷 Celts · Brazil
838
-24
🇧🇷 Teutons · Brazil
828
-22
🇧🇷 Khmer · Brazil
816
-22
ChewedGizmo
11:10 Feudal Age
18:58 Castle Age
17:16 Gold Mining
18:36 Double-Bit Axe
18:44 Stone Mining
19:15 Forging
19:42 Scale Barding Armor
23:11 Heavy Cavalry Archer
25:42 Fletching
26:29 Iron Casting
26:51 Husbandry
29:27 Bodkin Arrow
31:25 Thumb Ring
34:59 Padded Archer Armor
35:20 Chain Barding Armor
39:13 Ballistics
39:10 Caravan
TheDrunkenKoala
1:51 Loom
13:31 Feudal Age
13:57 Double-Bit Axe
13:55 Horse Collar
21:22 Castle Age
21:09 Wheelbarrow
20:27 Stone Mining
22:51 Husbandry
23:30 Stone Shaft Mining
23:37 Caravan
24:45 Bow Saw
29:03 Ballistics
29:20 Heavy Plow
31:27 Murder Holes
32:53 Scale Barding Armor
32:39 Fletching
33:02 Bloodlines
32:21 Pikeman
33:02 Squires
32:47 Gambesons
35:40 Hand Cart
39:45 Imperial Age
37:30 Bodkin Arrow
37:35 Padded Archer Armor
37:36 Scale Mail Armor
37:46 Forging
37:57 Chain Barding Armor
39:12 Town Watch
38:51 Light Cavalry
39:55 Town Patrol
41:29 Chemistry
40:39 Fortified Wall
40:22 Halberdier
xbarter
0:52 Loom
13:24 Feudal Age
14:13 Double-Bit Axe
14:10 Horse Collar
23:57 Castle Age
22:07 Gold Mining
22:09 Stone Mining
23:46 Forging
23:37 Scale Mail Armor
23:42 Scale Barding Armor
23:29 Fletching
23:39 Padded Archer Armor
26:13 Caravan
27:13 Heavy Plow
27:26 Bow Saw
28:14 Iron Casting
27:56 Chain Mail Armor
29:33 Stirrups
33:26 Husbandry
33:37 Bloodlines
33:29 Squires
33:17 Gambesons
33:27 Arson
35:48 Chain Barding Armor
35:23 Bodkin Arrow
40:53 Imperial Age
39:06 Wheelbarrow
39:53 Stone Shaft Mining
39:55 Gold Shaft Mining
39:41 Leather Archer Armor
l3141516
0:39 Loom
12:41 Feudal Age
14:17 Double-Bit Axe
15:36 Town Watch
18:37 Castle Age
16:49 Horse Collar
17:06 Stone Mining
17:07 Gold Mining
23:31 Wheelbarrow
26:37 Hand Cart
26:22 Town Patrol
28:19 Heavy Plow
29:23 Stone Shaft Mining
31:06 Caravan
33:37 Scale Barding Armor
33:43 Forging
34:53 Gold Shaft Mining
35:05 Fortified Wall
38:32 Imperial Age
36:09 Scale Mail Armor
35:58 Arson
37:32 Bow Saw
38:45 Tusk Swords
39:01 Husbandry
39:12 Bloodlines
38:22 Light Cavalry
40:33 Chemistry
39:26 Capped Ram
40:30 Conscription
40:57 Double Crossbow
Sardinha
13:50 Feudal Age
16:53 Castle Age
14:44 Double-Bit Axe
14:42 Horse Collar
16:18 Stone Mining
17:33 Wheelbarrow
18:23 Stone Shaft Mining
18:07 Bow Saw
18:02 Heavy Plow
20:06 Gold Mining
26:05 Gold Shaft Mining
34:09 Tusk Swords
37:36 Imperial Age
35:26 Hand Cart
34:59 Loom
35:00 Town Watch
joaovlogs
13:04 Feudal Age
17:43 Castle Age
18:46 Double-Bit Axe
30:10 Horse Collar
35:14 Arson
36:43 Crossbowman
39:00 Wheelbarrow
supameN
13:13 Feudal Age
19:07 Castle Age
18:17 Double-Bit Axe
18:15 Horse Collar
21:08 Bow Saw
20:51 Pikeman
22:18 Wheelbarrow
29:41 Hand Cart
33:15 Elite Skirmisher
34:01 Caravan
37:30 Hand Cart
Mikro
13:02 Feudal Age
18:52 Castle Age
17:05 Double-Bit Axe
17:01 Horse Collar
23:00 Wheelbarrow
22:18 Loom
23:46 Bow Saw
24:04 Heavy Plow
27:13 Hand Cart
27:18 Gold Mining
27:21 Stone Mining
29:14 Stone Shaft Mining
29:20 Elite Skirmisher
31:01 Arson
31:16 Squires
31:02 Gambesons
31:05 Pikeman
33:17 Fletching
33:43 Town Watch
39:51 Imperial Age
37:21 Town Patrol
39:12 Forging
39:03 Scale Mail Armor
38:58 Bodkin Arrow
39:57 Onager
Connection lost

Rejoining the realm…

Still unreachable

The connection could not be restored.

Session expired

The server has moved on; the page needs a fresh start.